 Dungeon Crawl Stone Soup version 0.31.0-11-ge490571c62 (webtiles) character file.

Game seed: 5674569006247210340

994 Strat the Chopper (level 8, -9/44 HPs)
             Began as a Vine Stalker Fighter on Jan 30, 2024.
             Was a Follower of Okawaru.
             Killed from afar by Dowan (12 damage)
             ... with a stone arrow
             ... on level 5 of the Dungeon.
             The game lasted 00:10:51 (2166 turns).

Strat the Chopper (Vine Stalker Fighter)            Turns: 2166, Time: 00:10:52

Health: -9/44      AC:  8    Str: 22    XL:     8   Next: 19%
Magic:  0/9        EV:  9    Int:  8    God:    Okawaru [*.....]
Gold:   150        SH:  4    Dex: 13    Spells: 7/7 levels left

rFire   . . .        a - +1 war axe
rCold   + . .        c - +0 buckler
rNeg    . . .        p - +2 scale mail {rC+}
rPois   .            (no helmet)
rElec   .            (no cloak)
rCorr   .            (no gloves)
SInv    .            (no boots)
Will    +....        (no amulet) Stlth
                     (no ring)
HPRegen 1.07/turn    (no ring)
MPRegen 0.11/turn

%: guardian spirit
@: no status effects
A: fangs 3, regeneration 1, magic shield, antimagic bite, no potion heal 2
a: Renounce Religion, Heroism


You were on level 5 of the Dungeon.
You worshipped Okawaru.
Okawaru was aware of your devotion.
You visited 2 branches of the dungeon, and saw 6 of its levels.

You collected 150 gold pieces.

Inventory:

Hand Weapons
 a - a +1 war axe (weapon)
 d - a +1 heavy flail
 q - a +1 executioner's axe of electrocution
Missiles
 k - 2 throwing nets (quivered)
Armour
 b - a +0 scale mail
 c - a +0 buckler (worn)
 p - a +2 scale mail of cold resistance (worn)
Jewellery
 e - a ring of wizardry
 g - a ring of protection from cold
 l - a ring of ice
Wands
 j - a wand of charming (17)
 o - a wand of flame (4)
 t - a wand of mindburst (5)
Scrolls
 h - a scroll of vulnerability
 m - a scroll of teleportation
Potions
 f - a potion of mutation
 i - 2 potions of degeneration
 n - 3 potions of lignification
 r - 2 potions of curing {unknown}
 s - 2 potions of enlightenment {unknown}


   Skills:
 + Level 5.5 Fighting
 * Level 7.1 Axes
 - Level 2.4 Armour
 - Level 2.6 Shields


You had 7 spell levels left.
You didn't know any spells.
Your spell library contained the following spells:

 Spells                   Type           Power      Damage    Failure   Level
 Freeze                   Ice            0%         1d3       80%         1
 Shock                    Conj/Air       0%         1d3       80%         1
 Frozen Ramparts          Ice            0%         1d1       99%         3
 Hailstorm                Conj/Ice       0%         3d5       99%         3
 Swiftness                Air            0%         N/A       99%         3
 Airstrike                Air            0%         2d(0-16)  100%        4


Dungeon Overview and Level Annotations

Branches:
Dungeon (5/15)             Temple (1/1) D:5

Altars:
Ashenzari
Cheibriados
Dithmenos
Fedhas
Gozag
Hepliaklqana
Kikubaaqudgha
Okawaru
Ru
Sif Muna
Xom
Yredelemnul
Zin
The Shining One

Annotations:
D:5 Dowan


Innate Abilities, Weirdness & Mutations

You have razor-sharp teeth.
Your natural rate of healing is unusually fast.
When hurt, damage is shared between your health and your magic reserves.
Your bite disrupts and absorbs the magic of your enemies.
Potions cannot restore your health.


Message History

Duvessa hits you with a +0 short sword.
* * * LOW HITPOINT WARNING * * *
Duvessa hits you with a +0 short sword.
* * * LOW HITPOINT WARNING * * *
Unknown command.
You hit Duvessa but do no damage. Your bite misses Duvessa.
Duvessa is almost dead.
Duvessa hits you but does no damage. Duvessa hits you with a +0 short sword.
* * * LOW HITPOINT WARNING * * *
You completely miss Duvessa. You bite Duvessa. You drain her power.
You feel invigorated.
Duvessa is almost dead.
You block Duvessa's attack.
Unknown command.
You closely miss Duvessa. You bite Duvessa, but do no damage.
Duvessa is almost dead.
Duvessa barely misses you. You block Duvessa's attack.
You barely miss Duvessa. You bite Duvessa, but do no damage.
Duvessa is almost dead.
Duvessa hits you with a +0 short sword!
* * * LOW HITPOINT WARNING * * *
You block Duvessa's attack.
You hit Duvessa but do no damage. You bite Duvessa, but do no damage.
Duvessa is almost dead.
Duvessa hits you with a +0 short sword!
* * * LOW HITPOINT WARNING * * *
Duvessa hits you but does no damage.
Okay, then.
You hit Duvessa but do no damage. Your bite misses Duvessa.
Duvessa is almost dead.
You block Duvessa's attack. Duvessa closely misses you.
You slash Duvessa!
You kill Duvessa!
Okawaru accepts your kill.
Dowan screams, "No!
No!"
Dowan seems to find hidden reserves of power!
Dowan shakes with grief.
Dowan casts a spell at you. The stone arrow hits you!
You die...

#o#.## #. #.|..#
#.##. ###..# #.##.
#....# #.#.. #..#.#
#.#.. ####.######
#.#.. #..o.##...
#.#.#
#)#####.########.#.#
#.e@....#..........#
######.....##...##.#
#.....#.......#
#.....#....##.#
#.....#.....#.#
#...........#.#
#......##+#.#.#
#+##......# #...#
.Y........##.#.###


You could see Dowan (fast).

Vanquished Creatures
  A yak (D:4)
  Edmund (D:5)
  Duvessa (D:5)
  An ice beast (D:5)
  A black bear (D:4)
  An ogre (D:4)
  Blork the orc (D:5)
  A bombardier beetle (D:4)
  A gnoll bouda (D:5)
  4 hounds
  Ijyb (D:4)
  An iguana (D:4)
  8 gnolls
  4 adders
  3 dart slugs
  7 orcs
  2 ball pythons
  3 bats
  2 giant cockroaches
  5 goblins
  3 hobgoblins
  2 jackals (D:3)
  6 kobolds
  A quokka (D:1)
  2 frilled lizards (D:3)
  3 rats
66 creatures vanquished.

Notes
Turn   | Place    | Note
-------+----------+-------------------------------------------
     0 | D:1      | Strat the Vine Stalker Fighter began the quest for the Orb.
     0 | D:1      | Reached XP level 1. HP: 11/11 MP: 2/2
    23 | D:1      | Reached skill level 2 in Axes
    53 | D:1      | Reached XP level 2. HP: 14/16 MP: 1/3
   363 | D:2      | Reached XP level 3. HP: 20/20 MP: 4/4
   564 | D:3      | Found a blossoming altar of Fedhas.
   741 | D:3      | Reached skill level 3 in Axes
   967 | D:4      | Reached XP level 4. HP: 21/24 MP: 2/5
  1069 | D:4      | Reached XP level 5. HP: 10/28 MP: 1/6
  1203 | D:4      | Noticed Ijyb
  1208 | D:4      | Killed Ijyb
  1209 | D:4      | Reached skill level 4 in Axes
  1391 | D:4      | Noticed an ogre
  1395 | D:4      | Killed an ogre
  1396 | D:4      | Reached XP level 6. HP: 12/33 MP: 2/7
  1480 | D:4      | Reached skill level 5 in Axes
  1513 | D:4      | Found a shimmering altar of Xom.
  1739 | D:5      | Entered Level 5 of the Dungeon
  1739 | D:5      | Noticed a yak
  1739 | D:5      | Noticed a yak
  1739 | D:5      | Noticed a yak
  1739 | D:5      | Noticed a yak
  1739 | D:5      | Noticed a yak
  1817 | D:5      | Found a staircase to the Ecumenical Temple.
  1824 | Temple   | Entered the Ecumenical Temple
  1827 | Temple   | Became a worshipper of Warmaster Okawaru
  1835 | D:5      | Noticed Edmund
  1872 | D:5      | Killed Edmund
  1873 | D:5      | Reached XP level 7. HP: 11/38 MP: 2/8
  1956 | D:4      | Reached skill level 5 in Fighting
  1956 | D:4      | Reached skill level 6 in Axes
  2073 | D:4      | Killed a yak
  2073 | D:4      | Reached * piety under Okawaru
  2130 | D:5      | Gained mutation: You have razor-sharp teeth. [Vine Stalker
                  | growth]
  2130 | D:5      | Reached XP level 8. HP: 44/44 MP: 9/9
  2131 | D:5      | Noticed Dowan
  2132 | D:5      | Noticed Duvessa
  2132 | D:5      | Noticed Blork the orc
  2151 | D:5      | Killed Blork the orc
  2152 | D:5      | Reached skill level 7 in Axes
  2164 | D:5      | HP: 1/44 [Duvessa/+0 short sword (6)]
  2166 | D:5      | Killed Duvessa
  2166 | D:5      | Killed from afar by Dowan

Illustrated notes

Levels and vault maps discovered:
D:1:      tarquinn_simple_flora_water_c, layout_loops_corners
D:2:      layout_loops_corners, feat_on_display
D:3:      layout_loops_corners, fedhas_altar_2
D:4:      layout_basic, xom_teletrap_fun, uniq_ijyb
D:5:      layout_basic, temple_fountains, serial_shops, shop, uniq_duvessa,
          uniq_edmund, uniq_blork_the_orc
Temple:   nicolae_temple_hex_pool

Skill      XL: |  1  2  3  4  5  6  7  8 |
---------------+-------------------------+-----
Axes           | 2 3 4 5 6 7 |  7.1
Fighting       | 3 4 5 |  5.5
Armour         | |  2.4
Shields        | |  2.6

Action                     |  1- 3 |  4- 6 |  7- 9 || total
---------------------------+-------+-------+-------++-------
  Melee: War axe           |    81 |    73 |    57 ||   211
         Bite              |    23 |    15 |    20 ||    58
  Evoke: Wand              |       |     4 |     2 ||     6
    Use: Scroll            |     6 |     3 |       ||     9
         Potion            |       |     2 |       ||     2
 Armour: Scale mail        |    60 |    53 |    69 ||   182
  Dodge: Dodged            |    50 |    36 |    35 ||   121
  Block: Buckler           |    24 |    19 |    17 ||    60
